 Dungeon Crawl Stone Soup version 0.22-a0-407-gb098539 (webtiles) character file.

438 emperorscorpion the Slasher (level 6, -3/84 HPs)
             Began as a Minotaur Berserker on May 9, 2018.
             Was a Follower of Trog.
             Killed by nerve-wracking pain
             ... invoked by a shadow imp
              (7 damage)
             ... on level 6 of the Dungeon.
             The game lasted 00:02:27 (1405 turns).

emperorscorpion the Slasher (Minotaur Berserker)    Turns: 1405, Time: 00:02:28

Health: -3/84      AC:  9    Str: 28    XL:     6   Next: 69%
Magic:  5/5        EV: 15    Int:  7    God:    Trog [*.....]
Gold:   113        SH:  0    Dex: 15    Spells: 5/5 levels left

rFire    + . .     SeeInvis .   a - +0 falchion
rCold    . . .     Gourm    .   (no shield)
rNeg     . . .     Faith    .   m - +0 chain mail
rPois    .         Spirit   .   (helmet restricted)
rElec    .         Reflect  .   (no cloak)
rCorr    .         Harm     .   (no gloves)
MR       .....                  (no boots)
Stlth    ..........             (no amulet)
HPRegen  0.24/turn              o - ring of protection from fire
MPRegen  0.09/turn              p - +3 ring of intelligence

@: agile, berserking (expiring), flying, very quick
A: retaliatory headbutt, horns 2
a: Berserk, Renounce Religion


You were on level 6 of the Dungeon.
You worshipped Trog.
Trog was aware of your devotion.
You were very hungry.

You visited 1 branch of the dungeon, and saw 6 of its levels.

You collected 113 gold pieces.

Inventory:

Hand Weapons
 a - a +0 falchion (weapon)
Missiles
 f - 29 bolts
 g - 58 arrows
 j - 19 poisoned needles
 q - 4 curare-tipped needles
Armour
 b - a +0 animal skin
 m - a +0 chain mail (worn)
Jewellery
 o - a ring of protection from fire (left hand)
 p - a +3 ring of intelligence (right hand)
Wands
 d - a wand of flame (30)
 r - a wand of acid (11)
Scrolls
 h - 3 scrolls of teleportation {unknown}
 i - a scroll of remove curse {unknown}
 k - a scroll of magic mapping {unknown}
Comestibles
 c - 6 rations
 t - 2 chunks of flesh


   Skills:
 + Level 5.5 Fighting
 + Level 6.9 Long Blades
 + Level 3.4 Armour
 + Level 3.3 Dodging
 + Level 1.2 Stealth


You had 5 spell levels left.
You didn't know any spells.

Dungeon Overview and Level Annotations

Branches:
Dungeon (6/15)             Temple (0/1) D:5

Altars:

Annotations:
D:6 1 transporter


Innate Abilities, Weirdness & Mutations

You reflexively headbutt those who attack you in melee.
You have a pair of horns on your head.


Message History

You closely miss the orc priest. Your headbutt misses the orc priest.
The orc priest is heavily wounded.
The orc priest calls upon Beogh to heal the orc priest.
The orc priest is healed somewhat.
The shadow imp gestures at you.
You barely resist.
The kobold demonologist looks braver for a moment.
The hellwing hits you.
* * * LOW HITPOINT WARNING * * *
The hellwing hits you.
* * * LOW HITPOINT WARNING * * *
The orc priest hits you but does no damage.
You slash the orc priest!
The orc priest is almost dead.
The orc priest invokes the aid of Beogh against you.
Pain shoots through your body!
* * * LOW HITPOINT WARNING * * *
The shadow imp gestures at you. Pain shoots through your body!
You die...

# #. ####.##########
..............#
#############.#
≈#...[o)o#P8#.#
#.#.#P.#≈≈≈≈≈@4#.P#.##
#...#$?#..≈≈5..#/.#..##
#..©#©.+..≈♣P..'.©#©..#
#..#$)#..P≈≈..#/.#...#
#.#P.#≈≈≈≈≈≈≈#.P#.#.....<
#.#8≈#..oK555#P8#.##.####
#.###############.# .#
#.................# #
##.#...........####......


You could see a hellwing, a kobold demonologist, 3 orc priests and 4 shadow
imps.

Vanquished Creatures
  A kobold demonologist (D:6)
  An ogre (D:3)
  A bullfrog zombie (D:5)
  An adder (D:3)
  A shadow imp (D:6)
  An ooze (D:3)
  A worm (D:3)
  A dart slug (D:3)
  2 leopard geckos
  An orc (D:2)
  2 giant cockroaches
  A goblin (D:2)
  3 hobgoblins
  3 jackals (D:3)
  A kobold (D:1)
  3 quokkas
  A bat (D:3)
  3 frilled lizards (D:2)
  A quokka skeleton (D:6)
  3 rats
32 creatures vanquished.

Notes
Turn   | Place    | Note
-------+----------+-------------------------------------------
     0 | D:1      | emperorscorpion the Minotaur Berserker began the quest for the Orb.
     0 | D:1      | Reached XP level 1. HP: 19/19 MP: 0/0
   374 | D:2      | Reached skill level 4 in Long Blades
   395 | D:2      | Reached XP level 2. HP: 27/27 MP: 1/1
   992 | D:3      | Reached XP level 3. HP: 30/33 MP: 2/2
  1001 | D:3      | Noticed an ogre
  1010 | D:3      | Killed an ogre
  1010 | D:3      | Reached skill level 5 in Long Blades
  1010 | D:3      | Reached XP level 4. HP: 24/41 MP: 3/3
  1278 | D:5      | Entered Level 5 of the Dungeon
  1283 | D:5      | Reached XP level 5. HP: 47/47 MP: 4/4
  1323 | D:5      | Found a staircase to the Ecumenical Temple.
  1360 | D:6      | Noticed a kobold demonologist
  1363 | D:6      | Found a transporter.
  1378 | D:6      | Found a transporter.
  1387 | D:6      | Noticed a kobold demonologist
  1397 | D:6      | Noticed a hellwing
  1401 | D:6      | Killed a kobold demonologist
  1401 | D:6      | Reached skill level 5 in Fighting
  1401 | D:6      | Reached skill level 6 in Long Blades
  1401 | D:6      | Reached skill level 1 in Stealth
  1401 | D:6      | Reached XP level 6. HP: 37/56 MP: 5/5
  1405 | D:6      | HP: 4/84 [orc priest/nerve-wracking pain (10)]
  1405 | D:6      | Killed from afar by a shadow imp

Vault maps used:
D:1:      mrwooster_arrival_statue_2, minmay_misc_feat_iff
D:2:      lemuel_round_altar, chequers_ecumenical_altar_simple, first_ration,
          serial_forest, infiniplex_forest_end_2, infiniplex_forest_split,
          infiniplex_forest_straight_3, infiniplex_forest_clump_large,
          infiniplex_forest_end_1, infiniplex_forest_straight_2,
          infiniplex_forest_end_1, minmay_joined_circles
D:3:      zin_angel, elyvilon_altar_5, serial_bayou_lagoon_b
D:4:      ashenzari_altar_1, serial_shops, shop, hangedman_abyss_or_decor_stabs
D:5:      lemuel_doored_altar, minmay_temple_entry_mist
D:6:      gammafunk_wand_slinger, nicolae_good_shop

Skill      XL: |  1  2  3  4  5 |
---------------+----------------+-----
Long Blades    | 4 5 6 |  6.9
Fighting       | 4 5 |  5.5
Dodging        | 3 |  3.3
Armour         | 3 |  3.4
Stealth        | 1 |  1.2

Action                   |  1- 3 |  4- 6 || total
-------------------------+-------+-------++-------
Melee: Falchion          |    49 |    22 ||    71
       Headbutt          |     5 |     5 ||    10
Invok: Berserk           |     2 |     1 ||     3
  Use: Potion            |       |     4 ||     4
 Stab: Sleeping          |     1 |       ||     1
  Eat: Chunk             |     1 |     2 ||     3
Armor: Animal skin       |     2 |       ||     2
       Chain mail        |    12 |     9 ||    21
Dodge: Dodged            |    28 |    15 ||    43
       Rpst.: Falchion   |     9 |     3 ||    12

Table legend:
 A = Spawn XP
 B = Non-spawn XP
 C = Spawn XP percentage of total XP
 D = Spawn monster count
 E = Non-spawn monster count
 F = Spawn count percentage of total count
 G = Total turns spent on level
                    A         B        C        D         E        F      G
               +---------+---------+-------+---------+---------+-------+---------
         Total |       0 |     626 |   0.0 |       0 |      32 |   0.0 |  1405
               +---------+---------+-------+---------+---------+-------+---------
           D:1 |       0 |       5 |   0.0 |       0 |       3 |   0.0 |   210
           D:2 |       0 |      20 |   0.0 |       0 |      11 |   0.0 |   666
           D:3 |       0 |     153 |   0.0 |       0 |      11 |   0.0 |   355
           D:5 |       0 |      50 |   0.0 |       0 |       3 |   0.0 |    58
           D:6 |       0 |     398 |   0.0 |       0 |       4 |   0.0 |    69
               +---------+---------+-------+---------+---------+-------+---------
